Unix NetHack Version 5.0.0-0 post-release - last build Jun 10 2026 00:39:30 (3ee93aec679c4c4259841fe613dc97188e26a321,branch:main).

Game began 2026-06-21 07:03:33, ended 2026-06-21 08:02:45.

LDaviesPeters, neutral female human Archeologist

                                             ------------
                 ---            ------       |......^....###
                 |..            |....-#      |..........|  ###
                 .......... ####%^[..|#      |(.........|    ##
                 ---- ----      |.)..|#      ---------|--     ##
                                ---|--[               #        #
                                   ###[##################*)########)####
                                      ###        ######         ###    #
                                        #       ##                # ---.--
                                        #      ##                 ##|.o..|
                                        ###    ) #               ## |....|
                                          [----|-----------     ####..<..|
                                          #...............| #[###   -+----
                                          #....u.[.[......|#[
                                           |......[.)[.f..|#
                                           |......)......@@#
                                           ----------------

LDaviesPeters the Investigator  St:15 Dx:11 Co:14 In:16 Wi:15 Ch:7  Neutral
Dlvl:6  $:0  HP:0(42) Pw:28(28) AC:-3 Xp:6 T:4785 

Latest messages:
 You see here an uncursed +0 iron skull cap.
 What do you want to drop? [abdfgi-knpqs-wyzB-HJKMN or ?*] ?
 You drop a cursed crude dagger.
 Your movements are now unencumbered.
 You descend the stairs.
 You see here an iron skull cap.
 You see here an iron skull cap.
 Your kitten steps reluctantly onto an iron skull cap.
 There are many objects here.
 Pick a monster, object or location.
 u        a unicorn or horse (peaceful pony)
 There are many objects here.
 The Woodland-elf wields a runed short sword!
 The Woodland-elf thrusts his runed short sword.
 The Woodland-elf hits!
 You lash the Woodland-elf!
 The Woodland-elf thrusts his runed short sword.
 The Woodland-elf hits!
 You lash the Woodland-elf.
 You hear a nearby zap.
 The wand hits the Woodland-elf!
 The Woodland-elf is killed!
 The wand misses you.
 There are several objects here.
 You hear someone counting gold coins.
 There is a Woodland-elf corpse here; eat it? [ynq] (n) y
 Blecch!  Rotten food!
 You stop eating the Woodland-elf corpse.
 You miss the Woodland-elf.
 The Woodland-elf zaps a crystal wand!
 The wand hits you!
 The wand misses the kitten.
 You lash the Woodland-elf!
 The Woodland-elf zaps a wand of striking!
 The wand misses you.
 The wand misses the kitten.
 You lash the Woodland-elf!
 The Woodland-elf zaps a wand of striking!
 The wand misses you.
 You lash the Woodland-elf.
 The Woodland-elf thrusts his crude short sword.
 The Woodland-elf hits!
 You miss the Woodland-elf.
 The Woodland-elf thrusts his crude short sword.
 The Woodland-elf misses!
 You lash the Woodland-elf!
 The Woodland-elf thrusts his crude short sword.
 The Woodland-elf hits!
 You die...
 Do you want your possessions identified? [ynq] (y) q

Inventory:
 Amulets  ('"')
  C - a blessed amulet of flying
  E - an uncursed amulet versus poison (being worn)
 Weapons  (')')
  M - 5 +0 darts
  n - 2 +0 orcish daggers
  a - a +2 bullwhip (weapon in right hand)
 Armor    ('[')
  v - an uncursed +0 dwarvish iron helm (being worn)
  w - an uncursed +0 pair of iron shoes (being worn)
  u - an uncursed +0 Uruk-hai shield (being worn)
  q - a blessed +1 mummy wrapping
  t - an uncursed +0 Hawaiian shirt with a sea turtle motif (being worn)
  s - an uncursed +2 dwarvish mithril-coat (being worn)
 Comestibles  ('%')
  d - an uncursed food ration
  N - an uncursed lembas wafer
 Rings    ('=')
  F - an uncursed ring of free action (on left hand)
  D - an uncursed +1 ring of gain constitution
  G - an uncursed ring of searching
  J - an uncursed ring of see invisible (on right hand)
  i - an uncursed ring of sustain ability
  K - an uncursed ring of sustain ability
  H - an uncursed ring of warning
 Wands    ('/')
  j - a wand of cancellation (0:4)
  z - a wand of magic missile (0:2)
  y - a wand of probing (0:6)
 Tools    ('(')
  b - an uncursed sack containing 6 items
  p - a +0 pick-axe
  k - an uncursed skeleton key
  f - a tinning kit (0:53)
 Gems/Stones  ('*')
  g - an uncursed touchstone

Contents of the sack:
  261 gold pieces
  an uncursed scroll of create monster
  an uncursed scroll of enchant weapon
  an uncursed scroll of stinking cloud
  an uncursed spellbook of identify
  a cursed potion of invisibility

LDaviesPeters the Archeologist's attributes:

Background:
 You were an Investigator, a level 6 female human Archeologist.
 You were neutral, on a mission for Camaxtli
 who was opposed by Quetzalcoatl (lawful) and Huhetotl (chaotic).
 You were right-handed.
 You were in the Dungeons of Doom, on level 6.
 You entered the dungeon 4785 turns ago.
 You had 613 experience points, 27 more were needed to attain level 7.

Basics:
 You had 0 out of 42 hit points.
 You had all 28 energy points (spell power).
 Your armor class was -3.
 Your wallet was empty, but
 you had 261 zorkmids stashed away in your pack.
 Autopickup was off.

Final Characteristics:
 Your strength was 15 (limit:18/100).
 Your dexterity was 11 (limit:18).
 Your constitution was 14 (limit:18).
 Your intelligence was 16 (limit:18).
 Your wisdom was 15 (limit:18).
 Your charisma was 7 (limit:18).

Final Status:
 You weren't hungry.
 You were unencumbered.
 You were wielding a whip.
 You were skilled in whip and could have enhanced that.

Final Attributes:
 You were piously aligned.
 You were poison resistant.
 You saw invisible.
 You were telepathic.
 You had automatic searching.
 You were stealthy.
 You were guarded.
 Your spell casting was impaired by metallic armor.
 You had free action.
 You are dead.

Miscellaneous:
 You didn't encounter any bones levels.
 Total elapsed playing time was 59 minutes and 12 seconds.

Major events:
 Turn
    1: LDaviesPeters the neutral female human Archeologist entered the dungeon
 1689: attained the rank of Field Worker (level 3)
 1745: entered the Gnomish Mines
 3979: attained the rank of Investigator (level 6)
 4785: killed by a Woodland-elf

Spells:
 Name                 Level Category     Fail Retention
 confuse monster        1   enchantment  100%  76%-100%
 identify               3   divination   100%  76%-100%

Skills:
 Fighting Skills
   bare handed combat [Unskilled]
   two weapon combat  [Unskilled]
   riding             [Unskilled]
 Weapon Skills
   dagger             [Unskilled]
   knife              [Unskilled]
   pick-axe           [Basic]
   short sword        [Unskilled]
   saber              [Unskilled]
   club               [Unskilled]
   quarterstaff       [Unskilled]
   sling              [Unskilled]
   dart               [Unskilled]
   boomerang          [Unskilled]
   whip               [Skilled]
   unicorn horn       [Unskilled]
 Spellcasting Skills
   attack spells      [Unskilled]
   healing spells     [Unskilled]
   divination spells  [Unskilled]
   matter spells      [Unskilled]

Voluntary challenges:
 Character rerolling was not enabled.
 You never genocided any monsters.
 You never polymorphed an object.
 You never changed form.
 You used no wishes.
Achievements:
 You entered a shop.
 You attained the rank of Field Worker.
 You entered the Gnomish Mines.
 You attained the rank of Investigator.

 The Dungeons of Doom: levels 1 to 6
    Level 1:
       A grave.
    Level 2:
       An armor shop, a fountain.
    Level 3:
       A ring shop.
    Level 4:
       A fountain.
       Stairs down to The Gnomish Mines.
    Level 5:
       An altar.
    Level 6: <- You were here.
       Final resting place for
          you, killed by a Woodland-elf.
 The Gnomish Mines:
    Level 5:


Vanquished creatures:
  a brown pudding
  a gnome mummy
  3 human zombies
  a Woodland-elf
 17 Uruk-hai
  2 rock moles
  2 yellow lights
  a shrieker
  a gnome leader
  a paper golem
  2 giant ants
  3 floating eyes
  a kitten
  a dwarf
  6 hill orcs
  a rothe
 an orc zombie
  a hobbit
  a manes
  2 hobgoblins
  a giant rat
  3 cave spiders
  2 brown molds
  4 gnomes
  a gnome zombie
  a gecko
  6 jackals
  3 goblins
  3 sewer rats
  8 grid bugs
  a bat
  5 lichens
  6 kobold zombies
  8 newts
101 creatures vanquished.

No species were genocided or became extinct.

Game over:
                       ----------
                      /          \
                     /    REST    \
                    /      IN      \
                   /     PEACE      \
                  /                  \
                  |  LDaviesPeters   |
                  |      261 Au      |
                  |   killed by a    |
                  |   Woodland-elf   |
                  |                  |
                  |                  |
                  |       2026       |
                 *|     *  *  *      | *
        _________)/\\_//(\/(/\)/\//\/|_)_______

Goodbye LDaviesPeters the Archeologist...

You died in The Dungeons of Doom on dungeon level 6 with 2947 points,
and 261 pieces of gold, after 4785 moves.
You were level 6 with a maximum of 42 hit points when you died.

